 Dungeon Crawl Stone Soup version 0.29.1-12-g30fa7ad0bf (webtiles) character file.

Game seed: 11458979754836355266

20710 cheesebisquit the Grappler (level 12, -4/183 HPs)
             Began as a Troll Berserker on Jan 17, 2023.
             Was a Priest of Trog.
             Slain by a boulder beetle (6 damage)
             ... on level 14 of the Dungeon.
             The game lasted 00:49:32 (9804 turns).

cheesebisquit the Grappler (Troll Berserker)        Turns: 9804, Time: 00:49:32

Health: -4/183     AC: 15    Str: 38    XL:     12   Next: 47%
Magic:  11/11      EV: 11    Int:  3    God:    Trog [***...]
Gold:   767        SH:  0    Dex:  9    Spells: 11/11 levels left

rFire   . . .      SeeInvis .     - Unarmed
rCold   . . .      Faith    .   (no shield)
rNeg    . . .      Spirit   .   G - +1 acid dragon scales
rPois   .          Reflect  .   (helmet restricted)
rElec   .          Harm     .   x - +1 cloak
rCorr   +          Rampage  .   (gloves unavailable)
Will    ++...                   (boots unavailable)
Stlth   ..........              b - amulet of regeneration
HPRegen 3.00/turn               e - +4 ring of protection
MPRegen 0.12/turn               l - +6 ring of strength

@: berserking (expiring), lethally poisoned (-4 -> -5), strong-willed,
regenerating, hasted, very quick
A: large, unfitting armour, claws 3, regeneration 1, shaggy fur 1, tough skin 1
a: Renounce Religion, Berserk, Trog's Hand


You were on level 14 of the Dungeon.
You worshipped Trog.
Trog was most pleased with you.
You visited 1 branch of the dungeon, and saw 14 of its levels.
You also visited: Ossuary.

You collected 767 gold pieces.

Inventory:

Hand Weapons
 P - a +0 giant spiked club
Missiles
 n - 2 boomerangs
 p - 36 poisoned darts
 s - 4 throwing nets
 t - 5 atropa-tipped darts
 B - 3 javelins
 R - 13 large rocks (quivered)
 V - a curare-tipped dart
Armour
 x - a +1 cloak (worn)
 G - +1 acid dragon scales (worn)
 Q - +0 ice dragon scales
 S - a +0 troll leather armour
Jewellery
 b - an amulet of regeneration (around neck)
 e - a +4 ring of protection (left claw)
 j - an amulet of faith
 l - a +6 ring of strength (right claw)
 q - a +4 ring of protection
 y - an amulet of the acrobat
 E - a ring of ice
 K - a ring of poison resistance
 N - a ring of flight
 O - a +6 ring of dexterity
 T - a +4 ring of evasion
Wands
 w - a wand of roots (7)
 W - a wand of acid (8)
Scrolls
 a - a scroll of brand weapon {unknown}
 d - 2 scrolls of blinking
 g - a scroll of summoning
 h - 4 scrolls of teleportation
 m - 3 scrolls of magic mapping
 o - a scroll of acquirement {unknown}
 r - a scroll of silence {unknown}
 v - 2 scrolls of fear
 A - a scroll of butterflies {unknown}
 C - a scroll of noise {unknown}
 H - a scroll of vulnerability {unknown}
 I - a scroll of enchant weapon {unknown}
 L - a scroll of poison
Potions
 c - 3 potions of lignification
 f - 3 potions of curing
 i - a potion of heal wounds
 k - 2 potions of resistance
 u - 3 potions of might
 z - 4 potions of berserk rage
 D - 3 potions of mutation
 F - 3 potions of attraction
 M - a potion of magic
 U - a potion of cancellation {unknown}


   Skills:
 + Level 8.5 Fighting
 + Level 8.8 Throwing
 + Level 8.5 Dodging
 + Level 13.3 Unarmed Combat


You had 11 spell levels left.
You didn't know any spells.
Your spell library was empty.

Dungeon Overview and Level Annotations

Branches:
Dungeon (14/15)            Temple (0/1) D:5            Lair (0/5) D:9
    Orc (0/2) D:12        Ossuary (visited)
 Vaults: D:13-14

Altars:
Ashenzari
Fedhas
Kikubaaqudgha
Nemelex Xobeh
Okawaru
Qazlal
Sif Muna
Uskayaw
Vehumet
Wu Jian
Xom
Yredelemnul
Zin

Shops:
D:13 =

Annotations:
D:14 Frances


Innate Abilities, Weirdness & Mutations

You are too large for most types of armour.
You have claws for hands.
Your natural rate of healing is unusually fast.
You are covered in fur. (AC +1)
You have tough skin. (AC +1)


Message History

The chaos spawn gores you but does no damage.
Nessos unwields a +1 longbow of flaming.
It stops flaming.
Nessos closely misses you. Nessos kicks you but does no damage.
You barely miss Nessos.
Nessos is moderately wounded.
You feel sick.
You eviscerate Nessos!!!
Nessos is almost dead.
You feel sick. Nessos hits you but does no damage. Nessos barely misses you.
The chaos spawn completely misses you. Nessos barely misses you.
Nessos closely misses you.
You mangle Nessos!!
You kill Nessos!
Trog accepts your kill.
Trog appreciates your killing of a magic user.
You feel sick. The boulder beetle hits you!!
* * * LOW HITPOINT WARNING * * *
The boulder beetle stops rolling and uncurls.
You are too berserk!
You claw the boulder beetle!
The boulder beetle is moderately wounded.
You feel sick. Frances hits you but does no damage.
The chaos spawn hits you but does no damage.
You scratch the boulder beetle but do no damage.
The boulder beetle is moderately wounded.
You feel sick.
The boulder beetle bites you but does no damage.
You eviscerate the boulder beetle!!!
The boulder beetle is severely wounded.
You feel sick.
Frances hits you from afar with a +1 trident of flaming!!
* * * LOW HITPOINT WARNING * * *
Frances burns you!
* * * LOW HITPOINT WARNING * * *
The chaos spawn completely misses you.
You scratch the boulder beetle but do no damage.
The boulder beetle is severely wounded.
You feel sick. The boulder beetle bites you.
You die...

#...........#..........
#..........# ...B....(#
#.........# #.......(
#.........# #...°....
#.........# #..§..(#
.....(....# ##4.....#####
##...###### #..###@......
.#.....######..##B.......
...###..†...>..4@)#####.#
...# ######.#.##### ...#
#[..# ...# ##### ..## .##
.# .# .#


You could see Frances, a boulder beetle and a chaos spawn (summoned).

Vanquished Creatures
  Nessos (D:14)
  2 boulder beetles (D:11)
  Harold (D:10)
  A centaur warrior (D:14)
  3 two-headed ogres
  Amaemon (D:8)
  A deep elf pyromancer (D:13)
  A manticore (D:12)
  5 cyclopes
  An orange demon (D:8)
  A gargoyle (D:11)
  Maggie (D:7)
  A kobold demonologist (D:12)
  An efreet (D:11)
  4 trolls
  Grinder (D:4)
  Prince Ribbit (D:7)
  4 slime creatures (D:12)
  2 wyverns
  2 wraiths
  A shadow (D:10)
  A vampire (D:12)
  A basilisk (D:12)
  12 yaks
  A steam dragon (D:10)
  A human (shapeshifter) (D:11)
  5 vampire mosquitoes
  3 hogs (D:14)
  Menkaure (D:4)
  An acid dragon (D:14)
  2 water moccasins
  3 ice beasts
  9 orc warriors
  A sky beast (D:7)
  A black bear (D:9)
  A hornet zombie (D:7)
  An ogre (D:5)
  2 centaurs (D:13)
  A phantom (D:7)
  4 kobold brigands
  An elf zombie (Ossuary)
  A necrophage (D:5)
  7 bullfrogs
  A wyvern zombie (D:7)
  7 scorpions
  A wight (D:7)
  10 killer bees
  An electric eel (D:10)
  3 howler monkeys (D:12)
  2 vampire bats (D:3)
  2 centaur zombies (Ossuary)
  Crazy Yiuf (D:4)
  3 orc priests
  A gnoll bouda (D:8)
  An iguana (D:4)
  Terence (D:2)
  18 orc wizards
  2 killer bee zombies (D:7)
  2 mummies (Ossuary)
  9 gnolls
  6 adders
  A shadow imp (D:8)
  2 ufetubi
  2 adder zombies (Ossuary)
  A worm (D:4)
  3 dart slugs
  47 orcs
  3 bats
  3 bat skeletons (D:3)
  4 bat zombies (D:3)
  8 endoplasms
  3 giant cockroaches
  8 hobgoblins
  10 jackals
  2 quokkas
  6 ball pythons
  2 frilled lizards
  13 goblins
  A goblin zombie (Ossuary)
  13 hobgoblin zombies (Ossuary)
  A jackal zombie (Ossuary)
  9 kobolds
  7 kobold zombies (Ossuary)
  9 orc zombies (Ossuary)
  3 rats
  A rat zombie (Ossuary)
329 creatures vanquished.

Vanquished Creatures (collateral kills)
  6 kobolds (D:10)
6 creatures vanquished.

Vanquished Creatures (others)
  2 fungi (D:9)
  3 plants (D:9)
  A withered plant (D:7)
6 creatures vanquished.

Grand Total: 341 creatures vanquished

Notes
Turn   | Place    | Note
-------+----------+-------------------------------------------
     0 | D:1      | cheesebisquit the Troll Berserker began the quest for the
                  | Orb.
     0 | D:1      | Reached XP level 1. HP: 22/22 MP: 0/0
   146 | D:1      | Reached XP level 2. HP: 29/29 MP: 1/1
   223 | D:1      | Found a faded altar of an unknown god.
   492 | D:2      | Noticed Terence
   504 | D:2      | Killed Terence
   505 | D:2      | Reached XP level 3. HP: 34/36 MP: 2/2
   567 | D:2      | Reached skill level 1 in Throwing
   721 | D:2      | Reached ** piety under Trog
   731 | D:2      | Reached XP level 4. HP: 44/44 MP: 3/3
  1133 | D:2      | Found a basalt altar of Yredelemnul.
  1250 | D:3      | Reached skill level 4 in Unarmed Combat
  1792 | D:3      | Found an ancient bone altar of Kikubaaqudgha.
  1800 | D:3      | Reached XP level 5. HP: 53/53 MP: 4/4
  2272 | D:4      | Found a shimmering altar of Xom.
  2363 | D:4      | Reached XP level 6. HP: 61/61 MP: 5/5
  2385 | D:4      | Reached skill level 5 in Unarmed Combat
  2408 | D:4      | Found a blossoming altar of Fedhas.
  2451 | D:4      | Noticed Grinder
  2456 | D:4      | Paralysed by Grinder for 5 turns
  2475 | D:4      | Reached *** piety under Trog
  2475 | D:4      | Paralysed by Grinder for 4 turns
  2482 | D:4      | Killed Grinder
  2483 | D:4      | Reached XP level 7. HP: 42/67 MP: 6/6
  2675 | D:4      | Noticed Menkaure
  2685 | D:4      | Killed Menkaure
  2849 | D:4      | Found a runed translucent door.
  2850 | D:4      | Noticed Crazy Yiuf
  3307 | D:4      | Killed Crazy Yiuf
  3308 | D:4      | Reached skill level 6 in Unarmed Combat
  3377 | D:5      | Entered Level 5 of the Dungeon
  3399 | D:5      | Found a staircase to the Ecumenical Temple.
  3510 | D:5      | Found an ornate altar of the Wu Jian Council.
  3584 | D:5      | Reached XP level 8. HP: 78/78 MP: 7/7
  3935 | D:6      | Found a sand-covered staircase.
  3958 | Ossuary  | Entered an ossuary
  3974 | Ossuary  | Reached skill level 7 in Unarmed Combat
  4263 | D:6      | Found a shimmering blue altar of Sif Muna.
  4535 | D:6      | Reached **** piety under Trog
  4614 | D:6      | Found an iron altar of Okawaru.
  4614 | D:6      | Found a hide-covered altar of Uskayaw.
  4646 | D:7      | Noticed Prince Ribbit
  4651 | D:7      | Killed Prince Ribbit
  4691 | D:7      | Reached skill level 8 in Unarmed Combat
  4695 | D:7      | Reached skill level 5 in Fighting
  4695 | D:7      | Reached skill level 5 in Dodging
  4721 | D:7      | Reached XP level 9. HP: 88/88 MP: 8/8
  4883 | D:7      | Noticed Maggie
  4894 | D:7      | Killed Maggie
  4895 | D:7      | Reached skill level 5 in Throwing
  5074 | D:7      | Reached skill level 9 in Unarmed Combat
  5325 | D:8      | Identified the +7 hand axe "Myasas" {spect, rElec rF+ Str-3
                  | Int+2}
  5554 | D:8      | Noticed Amaemon
  5554 | D:8      | Noticed an orange demon
  5562 | D:8      | Killed an orange demon
  5570 | D:8      | Killed Amaemon
  5571 | D:8      | Reached XP level 10. HP: 98/98 MP: 9/9
  5795 | D:8      | Reached skill level 10 in Unarmed Combat
  5983 | D:9      | Noticed a two-headed ogre
  5996 | D:9      | Killed a two-headed ogre
  6187 | D:9      | Found a staircase to the Lair.
  6244 | D:9      | Noticed a cyclops
  6256 | D:9      | Killed a cyclops
  6857 | D:10     | Entered Level 10 of the Dungeon
  6895 | D:10     | Reached skill level 11 in Unarmed Combat
  7009 | D:10     | Reached XP level 11. HP: 107/107 MP: 10/10
  7108 | D:10     | Noticed Harold
  7115 | D:10     | Killed Harold
  7305 | D:10     | Noticed a two-headed ogre
  7310 | D:10     | Killed a two-headed ogre
  7370 | D:10     | Found a broken altar of Ashenzari.
  7375 | D:10     | Found a radiant altar of Vehumet.
  7375 | D:10     | Found a glowing silver altar of Zin.
  7388 | D:10     | Found a stormy altar of Qazlal.
  7391 | D:10     | Found a sparkling altar of Nemelex Xobeh.
  7621 | D:11     | Reached skill level 12 in Unarmed Combat
  7745 | D:11     | Noticed a boulder beetle
  7758 | D:11     | Killed a boulder beetle
  7766 | D:11     | Identified the +7 war axe of Baawoisoi {vorpal, rF++ Will-
                  | Str+7}
  7801 | D:11     | Noticed a boulder beetle
  7819 | D:11     | Killed a boulder beetle
  8367 | D:12     | Found a staircase to the Orcish Mines.
  8624 | D:12     | Reached XP level 12. HP: 114/119 MP: 11/11
  9504 | D:13     | Found Kajof's Jewellery Shoppe.
  9507 | D:13     | Reached skill level 13 in Unarmed Combat
  9550 | D:13     | Noticed a centaur warrior
  9553 | D:13     | Noticed a two-headed ogre
  9554 | D:13     | Noticed a two-headed ogre
  9561 | D:13     | You fall into a shaft and drop 1 floor!
  9591 | D:14     | Noticed Nessos
  9625 | D:14     | Noticed a two-headed ogre
  9633 | D:14     | HP: 6/120 [Nessos/arrow (1)]
  9636 | D:14     | Noticed a four-headed hydra
  9668 | D:14     | Noticed a centaur warrior
  9679 | D:14     | Killed a centaur warrior
  9694 | D:14     | Killed a two-headed ogre
  9784 | D:14     | Noticed a boulder beetle
  9787 | D:14     | Noticed Frances
  9800 | D:14     | Killed Nessos
  9803 | D:14     | HP: 1/183 [Frances/+1 trident of flaming (9)]
  9804 | D:14     | Slain by a boulder beetle

Illustrated notes

Levels and vault maps discovered:
D:1:      eino_arrival_tree_alley, layout_rooms,
          hellmonk_ecumenical_altar_run_dry, chequers_jeans,
          corexii_item_surrounded_by_moat, minmay_tromino_v7
D:2:      wander_river, layout_basic, basic_altar, uniq_terence
D:3:      cheibrodos_greedy_goblins, layout_loops_cross,
          kennysheep_vampire_church, serial_bayou, serial_bayou_pond_d,
          serial_bayou_shore_a, serial_bayou_pond_e, serial_bayou_lagoon_b
D:4:      layout_layer_cave, mainiacjoe_overflow_alcove_1, fedhas_altar_4,
          uniq_crazy_yiuf_cottage, uniq_grinder, uniq_menkaure
D:5:      layout_rooms, mainiacjoe_overflow_alcove_2, minmay_temple_entry_grid
D:6:      layout_rooms, gammafunk_temple_overflow_elements,
          mainiacjoe_overflow_catwalk, nicolae_ossuary_entry_monument
D:7:      layout_cave_pools, serial_undead, serial_undead_b, serial_undead_f,
          serial_undead_c, serial_undead_e, amethyst_killhole,
          uniq_prince_ribbit1, uniq_maggie
D:8:      layout_basic, uniq_amaemon
D:9:      layout_cave_pods, grunt_lair_entry_orc_guard_hut, item_on_display_a
D:10:     wad_river_or_something, layout_cave_pools,
          minmay_overflow_temple_star_hex, uniq_harold
D:11:     layout_basic, small_chamber_with_monster
D:12:     layout_basic, orc_0_dummy, nicolae_straight_to_the_point
D:13:     layout_stronghold, hangedman_vaults_entry_quadrant_bands,
          serial_shops, kennysheep_mini_moat
D:14:     layout_rooms, muffindrake_ghost_dual_entry, gauntlet_entry_generic,
          grunt_decor_clamped, minivault_12, uniq_nessos, uniq_frances,
          uniq_kirke

Skill      XL: |  1  2  3  4  5  6  7  8  9 10 11 12 |
---------------+-------------------------------------+-----
Throwing       | 1 2 3 4 5 6 8 |  8.8
Unarmed Combat | 4 5 6 8 9 11 12 13 | 13.3
Dodging        | 3 4 5 6 7 8 |  8.5
Fighting       | 3 4 5 6 7 8 |  8.5

Action                   |  1- 3 |  4- 6 |  7- 9 | 10-12 || total
-------------------------+-------+-------+-------+-------++-------
Melee: Unarmed           |    62 |   112 |   251 |   275 ||   700
       Punch             |     1 |     1 |     4 |     7 ||    13
Throw: Dart              |    11 |    12 |     6 |       ||    29
       Stone             |     3 |       |    52 |       ||    55
       Javelin           |     5 |    16 |    10 |       ||    31
       Boomerang         |       |    60 |    33 |    94 ||   187
       Large rock        |       |       |       |    59 ||    59
Invok: Berserk           |     2 |     1 |     8 |    18 ||    29
       Trog's Hand       |       |       |     8 |    21 ||    29
Evoke: Wand              |       |       |     1 |       ||     1
  Use: Scroll            |       |       |    13 |     9 ||    22
       Potion            |       |       |       |     6 ||     6
 Stab: Sleeping          |     1 |       |       |       ||     1
Armor: Animal skin       |    34 |    73 |   123 |       ||   230
       Acid dragon scale |       |       |     9 |   108 ||   117
Dodge: Dodged            |    34 |    67 |   135 |   158 ||   394
